 Dungeon Crawl Stone Soup version 0.28-a0-1033-g1a2f33fa85 (webtiles) character file.

Game seed: 18309315850427160733

6256 Redcow54321 the Brawler (level 10, -7/88 HPs)
             Began as a Troll Fighter on Dec 7, 2021.
             Was an Elder of Makhleb.
             Mangled by a death knight (10 damage)
             ... on level 8 of the Dungeon.
             The game lasted 00:11:33 (5869 turns).

Redcow54321 the Brawler (Troll Fighter)             Turns: 5869, Time: 00:11:35

Health: -7/88      AC:  7    Str: 30    XL:     10   Next: 62%
Magic:  9/9        EV: 10    Int:  4    God:    Makhleb [****..]
Gold:   282        SH:  0    Dex:  9    Spells: 9/9 levels left

rFire   . . .      SeeInvis .     - Unarmed
rCold   + . .      Faith    .   (no shield)
rNeg    . . .      Spirit   .   B - +0 steam dragon scales
rPois   .          Reflect  .   (helmet restricted)
rElec   .          Harm     .   (no cloak)
rCorr   .          Rampage  .   (gloves unavailable)
Will    .....                   (boots unavailable)
Stlth   +.........              i - amulet of the acrobat
HPRegen 1.04/turn               s - ring of protection from cold
MPRegen 0.11/turn               (no ring)

@: no status effects
A: large, unfitting armour, claws 3, regeneration 1, shaggy fur 1, tough skin 1
a: Renounce Religion, Minor Destruction, Lesser Servant of Makhleb, Major
Destruction


You were on level 8 of the Dungeon.
You worshipped Makhleb.
Makhleb was greatly pleased with you.
You visited 1 branch of the dungeon, and saw 8 of its levels.
You also visited: Ossuary.

You collected 282 gold pieces.

Inventory:

Armour
 a - a +0 robe
 b - a +0 kite shield
 B - +0 steam dragon scales (worn)
Jewellery
 i - an amulet of the acrobat (around neck)
 s - a ring of protection from cold (left claw)
 y - a ring of ice
Wands
 k - a wand of paralysis (9)
 m - a wand of mindburst (20)
Scrolls
 d - 4 scrolls of immolation
 e - a scroll of torment {unknown}
 f - 2 scrolls of fear {unknown}
 h - 4 scrolls of teleportation
 n - 2 scrolls of magic mapping {unknown}
 q - a scroll of amnesia {unknown}
 t - 2 scrolls of identify
 w - 2 scrolls of noise
 x - a scroll of silence {unknown}
 A - a scroll of summoning
Potions
 c - 2 potions of might
 g - a potion of heal wounds
 j - a potion of degeneration
 l - 2 potions of curing
 o - 3 potions of attraction
 p - 2 potions of flight
 r - 3 potions of lignification
 u - 2 potions of berserk rage
 v - 2 potions of invisibility
 z - a potion of brilliance


   Skills:
 - Level 2.4 Fighting
 - Level 2.4 Dodging
 - Level 2.4 Shields
 * Level 15.9 Unarmed Combat


You had 9 spell levels left.
You didn't know any spells.
Your spell library contained the following spells:

 Spells                   Type           Power      Damage    Failure   Level
 Apportation              Tloc           0%         N/A       50%         1
 Freeze                   Ice            0%         1d3       50%         1
 Conjure Flame            Conj/Fire      0%         6-21      86%         3
 Frozen Ramparts          Ice            0%         1d2       86%         3
 Ignite Poison            Fire/Tmut/Pois 0%         N/A       86%         3
 Portal Projectile        Hex/Tloc       0%         N/A       86%         3
 Summon Guardian Golem    Hex/Summ       0%         N/A       86%         3
 Tukima's Dance           Hex            0%         N/A       86%         3
 Hailstorm                Conj/Ice       0%         3d3       99%         4
 Passage of Golubria      Tloc           0%         N/A       99%         4
 Sticky Flame             Conj/Fire      0%         2d3       99%         4
 Alistair's Intoxication  Tmut/Pois      0%         N/A       100%        5
 Blade Hands              Tmut           0%         N/A       100%        5
 Excruciating Wounds      Necr           0%         N/A       100%        5
 Yara's Violent Unravell  Hex/Tmut       0%         3d3       100%        5
 Orb of Destruction       Conj           0%         N/A       100%        7
 Spellforged Servitor     Conj/Summ      0%         N/A       100%        7


Dungeon Overview and Level Annotations

Branches:
Dungeon (8/15)             Temple (0/1) D:4         Ossuary (visited)
   Lair: D:8-11

Altars:
Hepliaklqana
Makhleb
Qazlal
Vehumet
Wu Jian
The Shining One

Shops:
D:1 (   D:2 [


Innate Abilities, Weirdness & Mutations

You are too large for most types of armour.
You have claws for hands.
Your natural rate of healing is unusually fast.
You are covered in fur. (AC +1)
You have tough skin. (AC +1)


Message History

Items here: )) [ †.
You mangle the centaur!!
You kill the centaur!
Makhleb accepts your kill.
You feel better.
You start resting.
A death knight comes into view.
It is wielding a +2 battleaxe of electrocution.
Things that are here:
a +0 giant club; a +0 great mace You see here 20 arrows.
The death knight shouts!
You see here 20 arrows.
You feel much better.
The death knight offers itself to Yredelemnul, and fills with unholy energy.
You see here 20 arrows.
You claw the death knight!
The death knight is lightly wounded.
The death knight reflects your damage back at you!
You barely miss the death knight. You claw the death knight!
The death knight is moderately wounded.
The death knight reflects your damage back at you!
The death knight completely misses you.
You claw the death knight!
The death knight is heavily wounded.
The death knight reflects your damage back at you!
The death knight hits you with a +2 battleaxe of electrocution!!
* * * LOW HITPOINT WARNING * * *
You claw the death knight! Your claw misses the death knight.
The death knight is severely wounded.
The death knight reflects your damage back at you!
* * * LOW HITPOINT WARNING * * *
You feel much better. The death knight barely misses you.
You scratch the death knight. You claw the death knight!
The death knight is severely wounded.
The death knight reflects your damage back at you!
The death knight's dark mirror aura disappears.
The death knight hits you with a +2 battleaxe of electrocution!!
* * * LOW HITPOINT WARNING * * *
You are electrocuted!
You die...

..................#
#######)#########.# #)#
#.# ##############)#
#.# #...........##.#
#.# #...........'..#
####.# #...........#..#
#....#
#...#####p..#.)##
#.#### .....
#...#@..#...#####.#
...p
#...#...#.....)...#
.....
#...#...#.....###.# ##
##'#...#)..#####..##.#
p....8.#.......#.###.##
8......#.......### #..#
...(..))......"# #..#
...(!..#####...#####..#
.../... #...##.##..#


You could see a death knight.

Vanquished Creatures
  A two-headed ogre (D:8)
  Pikel (D:4)
  A deep elf pyromancer (D:8)
  Grinder (D:3)
  Sigmund (D:2)
  6 yaks (D:8)
  A steam dragon (D:7)
  A water moccasin (D:8)
  A necrophage (D:4)
  2 ice beasts (D:6)
  5 orc warriors
  3 sky beasts
  4 ogres
  A centaur (D:8)
  A lemure (D:4)
  A phantom (D:6)
  A kobold brigand (D:7)
  A wyvern zombie (D:5)
  A bullfrog (D:5)
  Blork the orc (D:4)
  A scorpion (D:4)
  A wyvern skeleton (D:7)
  A water moccasin skeleton (D:5)
  4 wights (D:8)
  6 centaur zombies
  A bullfrog zombie (D:7)
  A gnoll shaman (D:8)
  2 hounds (D:5)
  2 jellies
  3 bullfrog skeletons
  A centaur skeleton (D:6)
  3 orc priests
  Crazy Yiuf (D:6)
  Jessica (D:3)
  5 iguanas
  Natasha (D:4)
  4 orc wizards
  A killer bee zombie (D:7)
  A hound skeleton (D:4)
  2 mummies (Ossuary)
  9 adders
  9 gnolls
  A shadow imp (D:8)
  An ufetubus (D:3)
  3 adder zombies (Ossuary)
  A worm (D:2)
  2 dart slugs (D:3)
  20 orcs
  2 ball pythons (D:2)
  5 bats
  12 endoplasms
  2 giant cockroaches
  8 goblins
  8 hobgoblins
  5 jackals
  13 kobolds
  2 quokkas
  4 frilled lizards
  2 goblin zombies
  14 hobgoblin zombies (Ossuary)
  3 jackal zombies (Ossuary)
  7 kobold zombies (Ossuary)
  4 orc zombies (Ossuary)
  A quokka zombie (D:7)
  3 rats
  3 rat zombies (Ossuary)
221 creatures vanquished.

Vanquished Creatures (others)
  An orc wizard (D:6)
  A plant (D:6)
2 creatures vanquished.

Grand Total: 223 creatures vanquished

Notes
Turn   | Place    | Note
-------+----------+-------------------------------------------
     0 | D:1      | Redcow54321 the Troll Fighter began the quest for the Orb.
     0 | D:1      | Reached XP level 1. HP: 22/22 MP: 0/0
    85 | D:1      | Reached XP level 2. HP: 29/29 MP: 1/1
   164 | D:1      | Reached skill level 3 in Unarmed Combat
   401 | D:1      | Found Ineizxya's Antique Weapon Shoppe.
   656 | D:2      | Found Sawonn's Antique Armour Shop.
   739 | D:2      | Reached XP level 3. HP: 30/36 MP: 2/2
   762 | D:2      | Reached skill level 4 in Unarmed Combat
   834 | D:2      | Reached XP level 4. HP: 44/44 MP: 3/3
  1101 | D:2      | Reached skill level 5 in Unarmed Combat
  1161 | D:2      | Noticed Sigmund
  1191 | D:2      | Killed Sigmund
  1192 | D:2      | Reached skill level 6 in Unarmed Combat
  1192 | D:2      | Reached XP level 5. HP: 27/50 MP: 4/4
  1192 | D:2      | Reached XP level 6. HP: 32/59 MP: 5/5
  1243 | D:3      | Found an ornate altar of the Wu Jian Council.
  1393 | D:3      | Found a faded altar of an unknown god.
  1734 | D:3      | Noticed Grinder
  1741 | D:3      | Paralysed by Grinder for 3 turns
  1753 | D:3      | Killed Grinder
  1754 | D:3      | Reached skill level 7 in Unarmed Combat
  1775 | D:3      | Noticed Jessica
  1780 | D:3      | Killed Jessica
  1781 | D:3      | Reached XP level 7. HP: 63/66 MP: 6/6
  2043 | D:4      | Reached skill level 8 in Unarmed Combat
  2145 | D:4      | Found a staircase to the Ecumenical Temple.
  2153 | D:4      | Noticed Pikel
  2162 | D:4      | Killed Pikel
  2163 | D:4      | Reached skill level 10 in Unarmed Combat
  2163 | D:4      | Reached XP level 8. HP: 62/74 MP: 7/7
  2380 | D:4      | Found a burning altar of Makhleb.
  2387 | D:4      | Became a worshipper of Makhleb the Destroyer
  2482 | D:4      | Noticed Blork the orc
  2492 | D:4      | Killed Blork the orc
  2664 | D:4      | Noticed Natasha
  2670 | D:4      | Killed Natasha
  2772 | D:5      | Entered Level 5 of the Dungeon
  2845 | D:5      | Reached skill level 11 in Unarmed Combat
  2990 | D:5      | Found a glowing golden altar of the Shining One.
  3198 | D:5      | Found a hazy altar of Hepliaklqana.
  3532 | D:5      | Reached XP level 9. HP: 80/80 MP: 8/8
  3758 | D:6      | Reached skill level 12 in Unarmed Combat
  3926 | D:6      | Reached * piety under Makhleb
  4351 | D:6      | Reached skill level 13 in Unarmed Combat
  4361 | D:6      | Found a radiant altar of Vehumet.
  4392 | D:6      | Found a runed translucent door.
  4393 | D:6      | Noticed Crazy Yiuf
  4553 | D:6      | Killed Crazy Yiuf
  4764 | D:7      | Reached ** piety under Makhleb
  4963 | D:7      | Found a sand-covered staircase.
  4971 | Ossuary  | Entered an ossuary
  5123 | Ossuary  | Reached *** piety under Makhleb
  5345 | D:7      | Reached skill level 14 in Unarmed Combat
  5422 | D:8      | Reached XP level 10. HP: 65/88 MP: 9/9
  5472 | D:8      | Found a stormy altar of Qazlal.
  5669 | D:8      | Reached skill level 15 in Unarmed Combat
  5700 | D:8      | Reached **** piety under Makhleb
  5794 | D:8      | Noticed a deep elf pyromancer
  5814 | D:8      | Killed a deep elf pyromancer
  5817 | D:8      | Noticed a two-headed ogre
  5824 | D:8      | Killed a two-headed ogre
  5842 | D:8      | Noticed a death knight
  5869 | D:8      | HP: 3/88 [death knight (30)]
  5869 | D:8      | Mangled by a death knight

Illustrated notes

Levels and vault maps discovered:
D:1:      minmay_arrival_radiant_lines, layout_basic, serial_shops, shop,
          minivault_27
D:2:      layout_basic, serial_shops, nicolae_shop_hallway_plus, uniq_sigmund
D:3:      cheibrodos_helix_gallery, layout_loops_ring,
          mainiacjoe_overflow_concentric_impassable,
          shapermc_ecumenical_altar_starsandcircs, kennysheep_jessica_study,
          uniq_grinder
D:4:      layout_loops_ring, bloody_makhleb, minmay_temple_entry_junction_2,
          uniq_blork_the_orc, uniq_pikel, uniq_natasha
D:5:      layout_basic, nicolae_tso_swordbearing_angel,
          nicolae_hepliaklqana_hazy_memory, minivault_19, hangedman_decor_points
D:6:      layout_basic, mainiacjoe_overflow_brackets, serial_bayou_crossing,
          uniq_crazy_yiuf_cottage
D:7:      layout_rooms, enter_ossuary_4
D:8:      kennysheep_blocky_room, layout_loops_ring, mainiacjoe_overflow_paths

Skill      XL: |  1  2  3  4  5  6  7  8  9 10 |
---------------+-------------------------------+-----
Unarmed Combat | 3 4 6 7 10 11 14 15 | 15.9
Fighting       | |  2.4
Dodging        | |  2.4
Shields        | |  2.4

Action                   |  1- 3 |  4- 6 |  7- 9 | 10-12 || total
-------------------------+-------+-------+-------+-------++-------
Melee: Unarmed           |    62 |   105 |   309 |    97 ||   573
       Punch             |       |     1 |    10 |     5 ||    16
  Use: Scroll            |       |       |    13 |       ||    13
       Potion            |       |       |       |     7 ||     7
 Stab: Sleeping          |       |     1 |       |       ||     1
Armor: Robe              |    12 |    15 |    50 |       ||    77
       Steam dragon scal |       |       |     3 |    16 ||    19
Dodge: Dodged            |    29 |    59 |   148 |    37 ||   273

Table legend: (Time is in decaauts)
 A = Elapsed time spent in this place.
 B = Non-inter-level travel time spent in this place.
 C = Inter-level travel time spent in this place.
 D = Time resting spent in this place.
 E = Time spent auto-exploring this place.
 F = Levels seen in this place.
 G = Mean time per level.
                   A        B        C        D        E       F      G
               +--------+--------+--------+--------+--------+-----+--------+
         Total |   5764 |   5589 |    175 |      5 |   4342 |   9 |  640.4 |
       Dungeon |   5559 |   5384 |    175 |      5 |   4244 |   8 |  694.9 |
       Ossuary |    204 |    204 |      0 |      0 |     98 |   1 |  204.0 |
               +--------+--------+--------+--------+--------+-----+--------+

Top non-repeatable levels by time:
     D:5: 930 daAuts
     D:6: 851 daAuts
     D:3: 771 daAuts
     D:4: 739 daAuts
     D:1: 634 daAuts
     D:2: 600 daAuts
     D:7: 573 daAuts
     D:8: 457 daAuts
 Ossuary: 204 daAuts
